 Dungeon Crawl Stone Soup version 0.18.1-8-gdd0e5ea (webtiles) character file.

56277 sleepydude the Tortoise (level 14, -10/136 HPs)
             Began as a Minotaur Berserker on June 1, 2016.
             Was the Champion of Trog.
             Killed from afar by a young spriggan druid (12 damage)
             ... with a stone arrow
             ... on level 8 of the Lair of Beasts.
             The game lasted 01:45:43 (20527 turns).

sleepydude the Tortoise (Minotaur Berserker)       Turns: 20527, Time: 01:45:44

Health: -10/136    AC: 23    Str: 23    XL:     14   Next: 41%
Magic:  13/13      EV: 15    Int:  4    God:    Trog [******]
Gold:   1040       SH:  0    Dex: 16    Spells: 0 memorised, 13 levels left

rFire  . . .     SeeInvis .     N - +2 great mace (vamp)
rCold  . . .     Gourm    .     i - +2 plate armour
rNeg   . . .     Faith    .     (shield currently unavailable)
rPois  .         Spirit   .     (helmet restricted)
rElec  .         Dismiss  .     (no cloak)
rCorr  +         Reflect  .     (no gloves)
SustAt .         Harm     .     r - +2 pair of boots
MR     +++..                    (no amulet)
Stlth  ..........               y - ring of resist corrosion
                                f - +2 ring of strength

@: exhausted, regenerating, slowed, very slow, extremely resistant to hostile
enchantments, extremely unstealthy
A: retaliatory headbutt, horns 2
a: Berserk, Trog's Hand, Brothers in Arms, Burn Spellbooks, Renounce Religion


You were on level 8 of the Lair of Beasts.
You worshipped Trog.
Trog was exalted by your worship.
You were not hungry.

You visited 2 branches of the dungeon, and saw 17 of its levels.

You collected 1040 gold pieces.

Inventory:

Hand Weapons
 a - a +1 mace
 h - a +4 hand crossbow of flaming
 n - the cursed +0 hunting sling of the Orange Skies {velocity, +Blink Dex+4 Stlth+, unknown}
   (You took it off a big kobold on level 8 of the Dungeon)

   Any stone fired from it inflicts extra damage.
   It affects your dexterity (+4).
   It lets you blink.
   It makes you more stealthy.
   It has a curse placed upon it.
 t - a +0 hunting sling
 B - a +3 flail
 E - a +2 whip of flaming
 N - a +2 vampiric great mace (weapon)
 O - a +7 arbalest of flaming
 Q - a +2 antimagic dire flail
 S - a +1 dire flail of protection
Missiles
 m - 7 silver javelins (quivered)
 w - 22 bolts
Armour
 i - a +2 plate armour (worn)
 r - a +2 pair of boots (worn)
Jewellery
 f - a +2 ring of strength (left hand)
 s - an uncursed ring of positive energy
 u - an uncursed ring of ice
 y - a ring of resist corrosion (right hand)
 M - a +3 ring of evasion {unknown}
 T - an uncursed amulet of the gourmand {unknown}
Wands
 k - a wand of lightning (6/15)
 o - a wand of acid (7/15)
 v - a wand of acid (14/15)
 x - a wand of paralysis (4/24)
 F - a wand of iceblast (5/15)
 I - a wand of lightning (7/15)
 K - a wand of lightning (8/15)
 P - a wand of iceblast (7/15)
Scrolls
 c - 2 scrolls of magic mapping
 g - 2 scrolls of fog
 p - 3 scrolls of remove curse
 q - 2 scrolls of random uselessness
 D - 4 scrolls of recharging
 J - a scroll of fear
 L - a scroll of identify
 R - a scroll of acquirement {unknown}
Potions
 b - a potion of berserk rage {unknown}
 d - a potion of brilliance
 e - a potion of magic
 j - 2 potions of curing
 l - a potion of might {unknown}
 z - 2 potions of cure mutation
 C - 2 potions of flight {unknown}
 H - 3 potions of haste
Books
 U - a book of Party Tricks

   Spells                             Type                      Level
   a - Summon Butterflies             Summoning                    1
   b - Apportation                    Translocation                1
   c - Tukima's Dance                 Hexes                        3
   d - Alistair's Intoxication        Transmutation/Poison         5
   e - Invisibility                   Hexes                        6
   Trog disapproves of the use of such an item.
Comestibles
 G - 13 fruits
 V - 7 royal jellies
 X - a meat ration


   Skills:
 + Level 15.6 Fighting
 - Level 12.0 Maces & Flails
 + Level 16.0 Armour
 + Level 14.5 Dodging
 - Level 1.0 Stealth


You had 13 spell levels left.
You didn't know any spells.

Dungeon Overview and Level Annotations

Branches:
Dungeon (9/15)             Temple (0/1) D:7            Lair (8/8) D:9
  Swamp (0/4) Lair:3       Spider (0/4) Lair:3        Slime (0/6) Lair:6
    Orc (0/2) D:9

Altars:
Ashenzari
Cheibriados
Dithmenos
Elyvilon
Fedhas
Gozag
Kikubaaqudgha
Makhleb
Okawaru
Pakellas
Ru
Sif Muna
Trog
Vehumet
Xom
The Shining One

Shops:
D:5 *


Innate Abilities, Weirdness & Mutations

You reflexively headbutt those who attack you in melee.
You have a pair of horns on your head.


Message History

As you read the scroll of fear, it crumbles to dust.
You assume a fearsome visage.
The spriggan looks frightened! x2
The young spriggan druid easily resists.
The spriggan resists with almost no effort.
The black bear looks frightened!
The spriggan hits you but does no damage.
The young spriggan druid casts a spell.
The forest starts to sway and rumble!
The spriggan barely misses you. You furiously retaliate!
You headbutt the spriggan!
Drink which item? (? for menu, Esc to quit)
It was a potion of cure mutation.
It has a very clean taste.
You feel weaker.
Your rough black scales disappear.
You feel conductive. A tree reaches out and hits you!
* * * LOW HITPOINT WARNING * * *
The young spriggan druid closely misses you.
The spriggan hits you but does no damage.
The spriggan shouts, "No!
I'll never do that again!"
The young spriggan druid gestures at you while chanting.
The stone arrow hits you!
You die...

♣... ♣♣
♣♣
♣..♣.♣♣
♣.
♣....♣♣
♣♣i
♣[.h..♣
..
♣[.♣....
♣♣♣.♣♣
♣. ♣♣♣♣.
♣♣....♣
♣♣
♣i....♣
♣
♣8).i@♣
♣
♣?..i.♣
♣#
♣♣....♣
♣.
♣...♣♣
♣♣. ♣♣..
♣.. ♣.♣
♣.. .♣
♣♣.. ♣.
♣♣... ♣
♣....


You could see a young spriggan druid and 3 spriggans.

Vanquished Creatures
  Kirke (Lair:7)
  Maud (Lair:7)
  8 hydras
  11 death yaks
  Nergalle (Lair:1)
  The ghost of andaisq the Skirmisher, a novice DsFi of Ru (D:7)
  Pikel (D:6)
  A wolf spider (Lair:3)
  A griffon (Lair:7)
  15 elephants
  5 black mambas
  6 torpor snails
  11 spiny frogs
  A rime drake (Lair:8)
  10 komodo dragons
  A queen bee (Lair:7)
  A polar bear (Lair:2)
  A boulder beetle (Lair:6)
  16 blink frogs
  A redback (Lair:8)
  A wyvern (D:8)
  44 yaks
  Grum (D:9)
  2 basilisks
  2 hungry ghosts (D:9)
  3 hippogriffs
  10 water moccasins
  Duvessa (D:6)
  10 porcupines
  An orc warrior (D:9)
  3 black bears
  5 ice beasts
  A sky beast (D:8)
  A wasp (Lair:8)
  An eye of draining (D:8)
  3 phantoms
  19 wolves
  13 crocodiles
  9 ogres
  3 centaurs
  Blork the orc (D:6)
  A big kobold (D:8)
  A gnoll sergeant (D:7)
  10 giant frogs
  Dowan (D:6)
  A water moccasin zombie (D:9)
  6 scorpions
  35 killer bees
  10 wights
  4 howler monkeys
  2 crimson imps
  4 hounds
  A jelly (D:8)
  A centaur skeleton (D:6)
  An orc priest (D:6)
  2 giant frog skeletons
  7 iguanas
  Terence (D:2)
  7 orc wizards
  12 worker ants
  20 sheep
  6 ogre zombies (D:9)
  2 hound skeletons
  2 worker ant zombies
  2 howler monkey skeletons
  6 gnolls
  13 adders
  52 river rats
  5 shadow imps
  An ooze (D:3)
  2 adder zombies
  A worm (D:6)
  A dart slug (D:3)
  3 giant geckos
  21 orcs
  5 ball pythons
  3 giant cockroaches
  7 goblins
  7 hobgoblins
  10 jackals
  4 quokkas
  20 bats
  4 giant newts
  3 goblin zombies (D:9)
  3 hobgoblin skeletons (D:9)
  A hobgoblin zombie (D:9)
  A jackal zombie (D:8)
  5 kobolds
  2 orc skeletons (D:9)
  10 orc zombies (D:9)
  A quokka skeleton (D:5)
  11 rats
  A fungus (Lair:7)
  A plant (Lair:3)
571 creatures vanquished.

Vanquished Creatures (collateral kills)
  2 spriggans (Lair:8)
  2 wasps (Lair:8)
4 creatures vanquished.

Vanquished Creatures (others)
  4 humans (Lair:7)
  A centaur (D:7)
  2 hounds (D:4)
  A worker ant (D:4)
  An adder (D:4)
  2 river rats (Lair:7)
  A jackal (D:4)
  25 fungi
  7 plants
44 creatures vanquished.

Grand Total: 619 creatures vanquished

Notes
Turn   | Place    | Note
--------------------------------------------------------------
     0 | D:1      | sleepydude the Minotaur Berserker began the quest for the Orb.
     0 | D:1      | Reached XP level 1. HP: 19/19 MP: 0/0
   300 | D:1      | Reached XP level 2. HP: 15/26 MP: 1/1
  1256 | D:2      | Reached XP level 3. HP: 26/31 MP: 2/2
  1290 | D:2      | Found a blossoming altar of Fedhas.
  1293 | D:2      | Found a shattered altar of Ashenzari.
  1296 | D:2      | Found a bloodstained altar of Trog.
  1359 | D:2      | Noticed Terence
  1372 | D:2      | Killed Terence
  1372 | D:2      | Reached skill level 5 in Maces & Flails
  1505 | D:2      | Reached ** piety under Trog
  1598 | D:2      | Reached skill level 1 in Stealth
  1662 | D:3      | Reached XP level 4. HP: 39/39 MP: 3/3
  2451 | D:3      | Found an ancient bone altar of Kikubaaqudgha.
  2460 | D:3      | Found a sacrificial altar of Ru.
  2792 | D:4      | Noticed an ogre
  2807 | D:3      | Reached XP level 5. HP: 30/45 MP: 4/4
  2909 | D:4      | Killed an ogre
  3062 | D:4      | Reached XP level 6. HP: 45/51 MP: 5/5
  3102 | D:4      | Reached *** piety under Trog
  3320 | D:4      | Reached XP level 7. HP: 15/57 MP: 6/6
  3915 | D:4      | Found a shimmering altar of Xom.
  3967 | D:4      | Reached skill level 10 in Maces & Flails
  4582 | D:5      | Entered Level 5 of the Dungeon
  4584 | D:5      | Found a shadowy altar of Dithmenos.
  4859 | D:5      | Reached XP level 8. HP: 22/64 MP: 7/7
  5176 | D:5      | Found Uffube's Assorted Antiques.
  5207 | D:5      | Received a gift from Trog
  5398 | D:5      | Reached skill level 3 in Armour
  5542 | D:5      | Found a burning altar of Makhleb.
  5543 | D:5      | Found a radiant altar of Vehumet.
  5735 | D:5      | Reached skill level 4 in Armour
  5896 | D:6      | Noticed Blork the orc
  5905 | D:6      | Killed Blork the orc
  5920 | D:6      | Noticed Duvessa
  5921 | D:6      | Noticed Dowan
  5934 | D:6      | Killed Duvessa
  5934 | D:6      | Reached skill level 5 in Armour
  6140 | D:6      | Killed Dowan
  6277 | D:6      | Reached skill level 5 in Dodging
  6456 | D:6      | Reached XP level 9. HP: 69/70 MP: 8/8
  6493 | D:6      | Reached skill level 6 in Armour
  7117 | D:6      | Reached skill level 7 in Armour
  7388 | D:7      | Noticed Pikel
  7406 | D:6      | Killed Pikel
  7416 | D:7      | Reached skill level 8 in Armour
  7431 | D:7      | Reached **** piety under Trog
  7921 | D:7      | Found an opulent altar of Gozag.
  7922 | D:7      | Found a white marble altar of Elyvilon.
  8267 | D:7      | Found a staircase to the Ecumenical Temple.
  8301 | D:7      | Found an oddly glowing altar of Pakellas.
  8348 | D:7      | Noticed andaisq's ghost (novice DsFi)
  8367 | D:7      | Killed andaisq's ghost
  8367 | D:7      | Reached skill level 9 in Armour
  8367 | D:7      | Reached XP level 10. HP: 50/77 MP: 9/9
  8638 | D:7      | Found an iron altar of Okawaru.
  8730 | D:8      | Found a deep blue altar of Sif Muna.
  9215 | D:8      | Reached skill level 10 in Armour
  9218 | D:8      | Got an ancient hunting sling {velocity}
  9235 | D:8      | Found a flagged portal.
  9673 | D:9      | Found a staircase to the Orcish Mines.
  9880 | D:9      | Reached ***** piety under Trog
 10018 | D:9      | Reached skill level 11 in Armour
 10029 | D:9      | Reached skill level 10 in Dodging
 10315 | D:9      | Noticed Grum
 10328 | D:9      | Killed Grum
 10476 | D:9      | Found a staircase to the Lair.
 10726 | Lair:1   | Entered Level 1 of the Lair of Beasts
 10764 | D:9      | Reached XP level 11. HP: 59/82 MP: 10/10
 11087 | Lair:1   | Noticed Nergalle
 11137 | Lair:1   | Noticed a spectral orc warlord
 11148 | Lair:1   | Killed Nergalle
 11148 | Lair:1   | Received a gift from Trog
 11148 | Lair:1   | Reached skill level 12 in Armour
 11459 | Lair:1   | Found a glowing golden altar of the Shining One.
 12500 | Lair:2   | Reached skill level 13 in Armour
 13615 | Lair:3   | Noticed a wolf spider
 13624 | Lair:3   | Killed a wolf spider
 13750 | Lair:3   | Reached skill level 14 in Armour
 13750 | Lair:3   | Reached XP level 12. HP: 67/90 MP: 11/11
 13999 | Lair:3   | Found a staircase to the Swamp.
 14015 | Lair:3   | Found a hole to the Spider Nest.
 14220 | Lair:3   | Gained mutation: You are resistant to electric shocks. [potion of mutation]
 14220 | Lair:3   | Gained mutation: You are partially covered in rough black scales (AC +4, Dex -1). [potion of mutation]
 14220 | Lair:3   | Gained mutation: Your muscles are strong. (Str +2) [potion of mutation]
 14629 | Lair:3   | Reached skill level 5 in Fighting
 14784 | Lair:4   | Received a gift from Trog
 15724 | Lair:5   | Noticed an eight-headed hydra
 15730 | Lair:5   | Killed an eight-headed hydra
 16001 | Lair:5   | Reached skill level 10 in Fighting
 16028 | Lair:5   | Noticed a five-headed hydra
 16036 | Lair:5   | Killed a five-headed hydra
 16188 | Lair:5   | Reached ****** piety under Trog
 16533 | Lair:5   | Noticed a death yak
 16533 | Lair:5   | Noticed a death yak
 16533 | Lair:5   | Noticed a death yak
 16533 | Lair:5   | Noticed a death yak
 16533 | Lair:5   | Noticed a death yak
 16548 | Lair:5   | Killed a death yak
 16552 | Lair:5   | Killed a death yak
 16558 | Lair:5   | Killed a death yak
 16558 | Lair:5   | Reached XP level 13. HP: 38/118 MP: 12/12
 17374 | Lair:6   | Received a gift from Trog
 17391 | Lair:6   | Found a staircase to the Slime Pits.
 18217 | Lair:7   | Noticed Kirke
 18228 | Lair:7   | Killed Kirke
 18382 | Lair:7   | Noticed Maud
 18409 | Lair:7   | Killed Maud
 18409 | Lair:7   | Reached skill level 15 in Armour
 18566 | Lair:7   | Received a gift from Trog
 18571 | Lair:7   | Reached skill level 15 in Fighting
 18690 | Lair:7   | Reached XP level 14. HP: 122/135 MP: 13/13
 19347 | Lair:8   | Entered Level 8 of the Lair of Beasts
 20335 | Lair:8   | Found a snail-covered altar of Cheibriados.
 20464 | Lair:8   | Reached skill level 16 in Armour
 20525 | Lair:8   | HP: 6/136 [young spriggan druid/quarterstaff (11)]
 20527 | Lair:8   | Lost mutation: Your muscles are strong. (Str +2) [potion of cure mutation]
 20527 | Lair:8   | Lost mutation: You are partially covered in rough black scales (AC +4, Dex -1). [potion of cure mutation]
 20527 | Lair:8   | Lost mutation: You are resistant to electric shocks. [potion of cure mutation]
 20527 | Lair:8   | HP: 2/136 [young spriggan druid/angry trees (8)]
 20527 | Lair:8   | Killed from afar by a young spriggan druid

Skill      XL: |  1  2  3  4  5  6  7  8  9 10 11 12 13 14 |
---------------+-------------------------------------------+-----
Maces & Flails | 4 5 6 8 9 11 12 | 12.0
Stealth        | 1 |  1.0
Armour         | 5 9 11 14 15 16 | 16.0
Dodging        | 5 8 10 12 13 14 | 14.5
Fighting       | 12 15 | 15.6

Action                   |  1- 3 |  4- 6 |  7- 9 | 10-12 | 13-15 || total
-------------------------+-------+-------+-------+-------+-------++-------
Melee: Mace              |    75 |   103 |   369 |   114 |       ||   661
       Headbutt          |     9 |    14 |    87 |   263 |   156 ||   529
       Whip              |       |       |       |   321 |       ||   321
       Great mace        |       |       |       |   461 |   488 ||   949
       Flail             |       |       |       |    83 |       ||    83
Invok: Berserk           |     1 |     3 |     8 |    11 |     8 ||    31
       Burn Spellbooks   |       |       |     1 |     3 |       ||     4
       Trog's Hand       |       |       |       |       |     1 ||     1
       Brothers in Arms  |       |       |       |       |     1 ||     1
  Use: Scroll            |       |       |    15 |     9 |     6 ||    30
       Potion            |       |       |     1 |     7 |     2 ||    10
  Eat: Bread ration      |     1 |       |     2 |     4 |       ||     7
       Pizza             |       |     1 |     1 |     1 |     1 ||     4
       Meat ration       |       |     1 |     3 |     1 |       ||     5
       Fruit             |       |       |     2 |    14 |       ||    16
       Beef jerky        |       |       |       |     4 |     1 ||     5
       Royal jelly       |       |       |       |     1 |     2 ||     3
       Chunk             |       |       |       |     4 |    16 ||    20
Armor: Animal skin       |    16 |       |       |       |       ||    16
       Scale mail        |    10 |    11 |       |       |       ||    21
       Ring mail         |     2 |       |       |       |       ||     2
       Chain mail        |       |    29 |   167 |   120 |       ||   316
       Plate armour      |       |       |       |   366 |   457 ||   823
Dodge: Dodged            |    47 |    55 |   154 |   666 |   545 ||  1467
